 Dungeon Crawl Stone Soup version 0.29-a0-321-gf1c400731a (webtiles) character file.

Game seed: 10180402545775009931

457 zishaf the Sneak (level 7, 0/37 HPs)
             Began as a Vine Stalker Brigand on Apr 4, 2022.
             Killed from afar by a white imp (8 damage)
             ... with a puff of frost
             ... on level 5 of the Dungeon.
             The game lasted 00:05:01 (1803 turns).

zishaf the Sneak (Vine Stalker Brigand)             Turns: 1803, Time: 00:05:02

Health: 0/37       AC:  5    Str: 16    XL:     7   Next: 6%
Magic:  0/8        EV: 11    Int: 11    God:
Gold:   114        SH:  0    Dex: 15    Spells: 4/6 levels left

rFire   + . .      SeeInvis .   a - +3 dagger
rCold   . . .      Faith    .   (no shield)
rNeg    . . .      Spirit   +   u - +1 robe {rF+}
rPois   .          Reflect  .   (no helmet)
rElec   .          Harm     .   c - +0 cloak
rCorr   .          Rampage  .   k - +0 pair of gloves
Will    .....                   (no boots)
Stlth   +++.......              (no amulet)
HPRegen 0.92/turn               (no ring)
MPRegen 0.11/turn               (no ring)

@: no status effects
A: fangs 2, regeneration 1, magic shield, antimagic bite, no potion heal 2
a: no special abilities


You were on level 5 of the Dungeon.
You visited 1 branch of the dungeon, and saw 5 of its levels.

You collected 114 gold pieces.

Inventory:

Hand Weapons
 a - a +3 dagger (weapon)
 b - a +0 hunting sling
Missiles
 d - 9 poisoned darts (quivered)
 e - 3 curare-tipped darts
Armour
 c - a +0 cloak (worn)
 f - a +0 leather armour
 g - +0 steam dragon scales
 h - a +0 robe
 k - a +0 pair of gloves (worn)
 u - a +1 robe of fire resistance (worn)
Scrolls
 i - 3 scrolls of identify
 j - a scroll of fog
 t - a scroll of noise
Potions
 m - a potion of cancellation
 o - 3 potions of ambrosia {unknown}
 p - 2 potions of curing {unknown}
 q - 3 potions of degeneration {unknown}
 r - a potion of haste {unknown}
 s - a potion of brilliance {unknown}
 v - a potion of resistance {unknown}


   Skills:
 + Level 4.0 Fighting
 + Level 4.0 Short Blades
 - Level 1.7 Throwing
 - Level 0.7 Dodging
 - Level 7.0 Stealth
 + Level 1.3 Transmutations


You had 4 spell levels left.
You knew the following spells:

 Your Spells              Type           Power      Damage    Failure   Level
a - Wereblood             Tmut           2%         N/A       30%         2

Your spell library contained the following spells:

 Spells                   Type           Power      Damage    Failure   Level
 Sublimation of Blood     Necr           0%         N/A       47%         2
 Stone Arrow              Conj/Erth      0%         3d7       71%         3
 Animate Armour           Summ/Erth      0%         N/A       98%         4
 Summon Hydra             Summ           0%         N/A       100%        7
 Lehudib's Crystal Spear  Conj/Erth      0%         10d2      100%        8


Dungeon Overview and Level Annotations

Branches:
Dungeon (6/15)
 Temple: D:4-7

Altars:
Yredelemnul


Innate Abilities, Weirdness & Mutations

You have extremely sharp teeth.
Your natural rate of healing is unusually fast.
When hurt, damage is shared between your health and your magic reserves.
Your bite disrupts and absorbs the magic of your enemies.
Potions cannot restore your health.


Message History

The puff of frost misses you.
The orc throws a stone.
The stone closely misses you.
An orc comes into view. It is wielding a +0 club.
You hit the white imp.
You bite the white imp, but do no damage.
The white imp is lightly wounded.
The white imp barely misses you.
You closely miss the white imp.
You bite the white imp, but do no damage.
The white imp is lightly wounded.
The white imp hits you. The white imp freezes you.
* * * LOW HITPOINT WARNING * * *
You barely miss the white imp.
You bite the white imp, but do no damage.
You hit the white imp. Your bite misses the white imp.
The white imp is lightly wounded.
The white imp hits you.
* * * LOW HITPOINT WARNING * * *
The white imp freezes you.
* * * LOW HITPOINT WARNING * * *
You hit the white imp.
The white imp is heavily wounded.
The white imp hits you.
* * * LOW HITPOINT WARNING * * *
The white imp freezes you.
* * * LOW HITPOINT WARNING * * *
The orc shouts!
You hit the white imp but do no damage.
The white imp is heavily wounded.
The white imp closely misses you.
You closely miss the white imp. Your bite misses the white imp.
The white imp is heavily wounded.
The white imp hits you but does no damage.
You barely miss the white imp.
The white imp is heavily wounded.
You hit the white imp but do no damage.
The white imp is heavily wounded.
The white imp gestures at you. The puff of frost hits you!
You die...

########### ####
#..#.#..#. ...##
....... #...#
..... #...# #####
#..# #@#
##...###..######5#
.......#.o..'.o.o#
.......'....#..oo#
#####)##....##..##
####o)##+#####..#
......# ....#
..o...+ #....#
..##..# #####...#


You could see an orc wizard, a white imp and 2 orcs.

Vanquished Creatures
  Sigmund (D:2)
  A steam dragon (D:5)
  An orc priest (D:5)
  An iguana (D:2)
  Jessica (D:2)
  Natasha (D:2)
  2 adders (D:2)
  A worm (D:2)
  2 dart slugs (D:1)
  An orc (D:5)
  2 ball pythons
  6 endoplasms
  2 giant cockroaches (D:1)
  6 goblins
  6 hobgoblins
  3 jackals (D:1)
  A quokka (D:1)
  3 bats
  3 frilled lizards
  6 kobolds (D:1)
  A rat (D:1)
51 creatures vanquished.

Notes
Turn   | Place    | Note
-------+----------+-------------------------------------------
     0 | D:1      | zishaf the Vine Stalker Brigand began the quest for the
                  | Orb.
     0 | D:1      | Reached XP level 1. HP: 11/11 MP: 2/2
    99 | D:1      | Reached skill level 5 in Stealth
   104 | D:1      | Reached XP level 2. HP: 2/15 MP: 1/3
   632 | D:1      | Reached XP level 3. HP: 18/18 MP: 4/4
  1104 | D:2      | Noticed Jessica
  1111 | D:2      | Killed Jessica
  1112 | D:2      | Gained mutation: Your natural rate of healing is unusually
                  | fast. [Vine Stalker growth]
  1112 | D:2      | Reached XP level 4. HP: 22/23 MP: 5/5
  1202 | D:2      | Noticed Sigmund
  1365 | D:2      | Reached XP level 5. HP: 28/28 MP: 6/6
  1380 | D:2      | Killed Sigmund
  1381 | D:2      | Reached skill level 6 in Stealth
  1381 | D:2      | Reached XP level 6. HP: 32/32 MP: 7/7
  1631 | D:2      | Found a basalt altar of Yredelemnul.
  1634 | D:2      | Noticed Natasha
  1647 | D:2      | Killed Natasha
  1665 | D:2      | Learned a level 2 spell: Wereblood
  1728 | D:3      | You fall into a shaft and drop 3 floors!
  1730 | D:6      | Noticed a water moccasin
  1731 | D:5      | Entered Level 5 of the Dungeon
  1731 | D:5      | Noticed a steam dragon
  1735 | D:5      | Killed a steam dragon
  1736 | D:5      | Reached skill level 7 in Stealth
  1736 | D:5      | Reached skill level 1 in Transmutations
  1776 | D:5      | Reached XP level 7. HP: 23/37 MP: 4/8
  1803 | D:5      | Killed from afar by a white imp

Illustrated notes

Levels and vault maps discovered:
D:1:      dpeg_arrival_rooms_with_view, layout_basic, minivault_26
D:2:      layout_rooms, basic_altar, uniq_jessica, uniq_sigmund, uniq_natasha
D:3:      cheibrodos_pilgrimage, layout_loops_cross,
          nicolae_overflow_crystal_walls, nicolae_ashenzari_skybound,
          mainiacjoe_overflow_surrounded_room, cheibrodos_sewer_entry_bend
D:5:      layout_gridville, uniq_duvessa
D:6:      cheibrodos_quashed, layout_loops_cross,
          minmay_temple_entry_antechambers, serial_glass, glass_columns_c,
          glass_columns_a, glass_columns_b, glass_columns_c

Skill      XL: |  1  2  3  4  5  6 |
---------------+-------------------+-----
Stealth        | 5 6 7 |  7.0
Fighting       | 2 3 4 |  4.0
Short Blades   | 2 3 4 |  4.0
Transmutations | 1 |  1.3
Throwing       | |  1.7
Dodging        | |  0.7

Action                   |  1- 3 |  4- 6 |  7- 9 || total
-------------------------+-------+-------+-------++-------
Melee: Dagger            |    65 |    75 |    10 ||   150
       Bite              |    18 |    18 |     3 ||    39
       Punch             |       |     2 |       ||     2
 Fire: Hunting sling     |    12 |       |       ||    12
Throw: Dart              |       |     6 |       ||     6
  Use: Scroll            |       |     7 |       ||     7
 Stab: Sleeping          |     5 |     3 |       ||     8
Armor: Leather armour    |    19 |    18 |       ||    37
       Robe              |       |     4 |     5 ||     9
Dodge: Dodged            |    25 |    46 |     8 ||    79

Table legend: (Time is in decaauts)
 A = Elapsed time spent in this place.
 B = Non-inter-level travel time spent in this place.
 C = Inter-level travel time spent in this place.
 D = Time resting spent in this place.
 E = Time spent auto-exploring this place.
 F = Levels seen in this place.
 G = Mean time per level.
                   A        B        C        D        E       F      G
               +--------+--------+--------+--------+--------+-----+--------+
         Total |   1788 |   1662 |    126 |      0 |   1102 |   5 |  357.6 |
       Dungeon |   1788 |   1662 |    126 |      0 |   1102 |   5 |  357.6 |
               +--------+--------+--------+--------+--------+-----+--------+

Top non-repeatable levels by time:
     D:1: 1112 daAuts
     D:2: 591 daAuts
     D:5: 68 daAuts
     D:3: 13 daAuts
     D:6: 2 daAuts
